 Dungeon Crawl Stone Soup version 0.21-a0-538-gd16b88a (webtiles) character file.

61718 mortelune the Cleaver (level 14, -7/171 HPs)
             Began as a Demonspawn Gladiator on Dec 16, 2017.
             Was a High Priest of Okawaru.
             Mangled by an orc warrior
             ... wielding a +0 trident
              (12 damage)
             ... on level 1 of the Orcish Mines.
             The game lasted 01:27:20 (25001 turns).

mortelune the Cleaver (Demonspawn Gladiator)       Turns: 25001, Time: 01:27:21

Health: -7/171     AC: 19    Str: 23    XL:     14   Next: 61%
Magic:  0/20       EV:  8    Int: 12    God:    Okawaru [*****.]
Gold:   1610       SH:  0    Dex: 16    Spells: 17/19 levels left

rFire    + . .     SeeInvis +   U - +1 battleaxe (chop)
rCold    . . .     Gourm    .   (shield currently unavailable)
rNeg     + . .     Faith    .   R - +2 plate armour {rPois}
rPois    +         Spirit   +   (helmet unavailable)
rElec    .         Reflect  .   (no cloak)
rCorr    .         Harm     .   B - +1 pair of gloves
MR       +....                  (boots unavailable)
Stlth    ..........             n - amulet of guardian spirit
HPRegen  0.38/turn              E - ring of protection from fire
MPRegen  0.17/turn              c - ring of positive energy

@: berserking, drained, very quick
A: antennae 3, claws 1, talons 3, clever 1, demonic guardian 1, powered by death
3
a: Heroism, Finesse, Renounce Religion


You were on level 1 of the Orcish Mines.
You worshipped Okawaru.
Okawaru was extremely pleased with you.
You were not hungry.

You visited 4 branches of the dungeon, and saw 21 of its levels.

You collected 1610 gold pieces.

Inventory:

Hand Weapons
 a - the +1 hand crossbow "Cifaxe" {velocity, rC+ Str+4}
   (You found it on level 3 of the Lair of Beasts)

   Any bolt fired from it inflicts extra damage.
   It affects your strength (+4).
   It protects you from cold.
 P - a cursed +0 morningstar
 U - a +1 battleaxe of chopping (weapon)
Missiles
 d - 8 throwing nets (quivered)
 H - 58 bolts
Armour
 o - a +2 chain mail of cold resistance
 B - a +1 pair of gloves (worn)
 D - a +2 ring mail of fire resistance
 R - a +2 plate armour of poison resistance (worn)
Jewellery
 c - a ring of positive energy (right hand)
 g - an uncursed ring of ice
 n - an amulet of guardian spirit (around neck)
 E - a ring of protection from fire (left hand)
 K - an uncursed ring of wizardry
Wands
 l - a wand of iceblast (19)
 t - a wand of scattershot (13)
 v - a wand of enslavement (18)
 F - a wand of paralysis (26)
 N - a wand of flame (66)
 V - a wand of polymorph (31)
 Z - a wand of acid (11)
Scrolls
 e - 6 scrolls of amnesia
 m - a scroll of enchant weapon
 p - a scroll of identify
 x - 2 scrolls of teleportation
 y - 2 scrolls of fear
 I - 4 scrolls of remove curse
 O - a scroll of enchant armour
Potions
 i - 7 potions of degeneration
 q - 3 potions of might
 u - a potion of resistance
 w - 6 potions of curing
 A - a potion of magic
 C - 9 potions of lignification
 Q - a potion of haste
 S - a potion of ambrosia {unknown}
 T - 3 potions of agility
 X - a potion of flight
Books
 h - a book of Enchantments

   Spells                             Type                      Level
   a - Cause Fear                     Hexes                        4
   b - Yara's Violent Unravelling     Hexes/Transmutation          5
   c - Silence                        Hexes/Air                    5
   d - Deflect Missiles               Charms/Air                   6
   e - Discord                        Hexes                        8
 L - a book of Minor Magic

   Spells                             Type                      Level
   a - Magic Dart                     Conjuration                  1
   b - Blink                          Translocation                2
   c - Call Imp                       Summoning                    2
   d - Slow                           Hexes                        2
   e - Conjure Flame                  Conjuration/Fire             3
   f - Mephitic Cloud                 Conjuration/Poison/Air       3
Miscellaneous
 s - a sack of spiders
Comestibles
 f - 15 bread rations
 j - 12 meat rations
 k - 15 royal jellies
 M - 5 fruits


   Skills:
 + Level 11.6(11.3) Fighting
 * Level 14.7(14.3) Axes
 + Level 6.4(6.1) Crossbows
 - Level 5.3(5.0) Throwing
 + Level 11.0(10.7) Armour
 - Level 2.6(2.4) Dodging
 + Level 3.1(2.8) Spellcasting
 - Level 4.0(3.7) Translocations
 - Level 8.0(7.6) Invocations


You had 17 spell levels left.
You knew the following spells:

 Your Spells              Type           Power        Failure   Level  Hunger
a - Blink                 Tloc           N/A          67%         2    ###....


Dungeon Overview and Level Annotations

Branches:
Dungeon (12/15)            Temple (1/1) D:4            Lair (6/6) D:8
  Swamp (0/4) Lair:2       Spider (0/4) Lair:4        Slime (0/5) Lair:5
    Orc (2/2) D:12            Elf (0/3) Orc:2

Altars:
Ashenzari
Cheibriados
Dithmenos
Elyvilon
Fedhas
Gozag
Hepliaklqana
Kikubaaqudgha
Makhleb
Nemelex Xobeh
Okawaru
Qazlal
Ru
Sif Muna
Trog
Uskayaw
Vehumet
Wu Jian
Xom
Yredelemnul
Zin
The Shining One
Beogh

Shops:
D:8 *   D:12 [

Annotations:
D:10 2 transporters, exclusion: obsidian statue
D:12 exclusion: obsidian statue, Gastronok


Innate Abilities, Weirdness & Mutations

You have a pair of large antennae on your head. (SInv)
You have sharp fingernails.
You have claws for feet.
A weak demonic guardian rushes to your aid.
You regenerate a lot of health from kills.
Your mind is acute. (Int +2)


Message History

The orc warrior hits you but does no damage.
The orc knight hits you with a great sword.
* * * LOW HITPOINT WARNING * * *
You closely miss the orc knight. You claw the orc knight.
The orc knight is moderately wounded.
You completely miss the orc warrior. The orc warrior closely misses you.
The orc knight hits you with a great sword.
* * * LOW HITPOINT WARNING * * *
You hit the orc knight but do no damage.
You claw the orc knight.
The orc knight is moderately wounded.
You closely miss the orc warrior.
The orc warrior hits you with a trident!!
* * * LOW HITPOINT WARNING * * *
A red film seems to cover your vision as you go berserk!
You feel yourself moving faster!
You feel mighty!
The orc knight hits you with a great sword!
* * * LOW HITPOINT WARNING * * *
The orc warrior hits you with a trident!
You die...

.#..))#.)...#...##.#.###
....)####......##.....#
...)####........##....###
....)#.##...............## ##
........#....#...........# ##.
...#...............#.##.## #..
..................###..## ##.
................o[.#....# #..
................@o.#....# ######.
........>...............###.##...
..............)..........#.......
..>.........#.......)...........#
...............................##
............#..##......#....#.##
#..#.###.#.#######.##.####.####
###### ##### ###### ###


You could see an orc knight and an orc warrior.

Vanquished Creatures
  An orc warlord (Orc:1)
  Nessos (Lair:4)
  Snorg (Lair:3)
  Fannar (D:10)
  2 hydras
  The ghost of graki42 the Eclecticist, a journeyman DEFE of Vehumet (Lair:5)
  Harold (D:11)
  3 catoblepae (Lair:6)
  4 two-headed ogres
  11 death yaks (Lair:6)
  Urug (D:10)
  An orc high priest (Orc:2)
  Nergalle (Lair:3)
  A harpy (shapeshifter) (D:11)
  Pikel (D:5)
  An ugly thing (D:12)
  5 orc sorcerers
  2 cyclopes
  3 manticores
  5 elephants (Lair:4)
  12 spiny frogs
  A gargoyle (D:12)
  2 kobold demonologists (D:11)
  A rime drake (Lair:4)
  11 komodo dragons
  7 trolls
  A hornet (D:12)
  A polar bear (Lair:5)
  Grinder (D:6)
  10 blink frogs
  6 hippogriffs
  Sigmund (D:6)
  A spriggan (Lair:5)
  2 redbacks (Lair:4)
  4 wyverns
  4 hogs (D:7)
  37 yaks
  A basilisk (Lair:5)
  A human (D:7)
  A hungry ghost (D:12)
  4 wargs
  12 water moccasins
  23 orc warriors
  6 porcupines
  A slave (D:5)
  2 ice beasts
  2 sky beasts (D:11)
  A black bear (Lair:5)
  A phantom (D:7)
  9 ogres
  10 wolves
  3 centaurs
  5 crocodiles
  A big kobold (D:11)
  3 bullfrogs
  2 gnoll sergeants
  3 scorpions
  5 killer bees (D:9)
  7 wights (D:8)
  4 howler monkeys
  2 crimson imps
  3 bullfrog zombies
  8 jellies
  14 orc priests
  4 bullfrog skeletons
  A gnoll shaman (D:6)
  3 hounds
  20 orc wizards
  8 worker ants
  A killer bee zombie (D:9)
  2 hound skeletons (D:6)
  A howler monkey zombie (D:10)
  16 gnolls
  10 adders
  4 shadow imps
  2 oozes
  An adder zombie (D:9)
  3 worms
  2 dart slugs (D:1)
  5 leopard geckos
  79 orcs
  7 giant cockroaches
  6 goblins
  5 hobgoblins (D:2)
  4 jackals
  12 kobolds
  9 quokkas
  3 ball pythons
  8 bats
  2 frilled lizards (D:2)
  A jackal skeleton (D:5)
  3 quokka skeletons
  10 rats
  3 fungi
  A plant (Lair:6)
519 creatures vanquished.

Vanquished Creatures (collateral kills)
  An orc knight (Orc:2)
  An elephant (Lair:4)
  A black mamba (Lair:4)
  A spiny frog (Lair:1)
  A freezing wraith (D:12)
  2 hippogriffs (Lair:4)
  3 blink frogs (Lair:6)
  A basilisk (Lair:4)
  A yak (Lair:4)
  A sky beast (D:6)
  A black bear (Lair:4)
  2 ogres
  An eye of draining (D:11)
  A scorpion (D:11)
  2 wights (D:8)
  A crimson imp (D:11)
  A gnoll (D:5)
  An adder (D:11)
  2 orcs
  A quokka (D:8)
26 creatures vanquished.

Vanquished Creatures (others)
  An orc wizard (Orc:2)
  6 fungi
  5 plants
12 creatures vanquished.

Grand Total: 557 creatures vanquished

Notes
Turn   | Place    | Note
-------+----------+-------------------------------------------
     0 | D:1      | mortelune the Demonspawn Gladiator began the quest for the Orb.
     0 | D:1      | Reached XP level 1. HP: 16/16 MP: 1/1
   300 | D:1      | Reached skill level 3 in Axes
   300 | D:1      | Gained mutation: You have sharp fingernails. [demonic ancestry]
   300 | D:1      | Reached XP level 2. HP: 21/22 MP: 2/2
  1144 | D:2      | Found a sacrificial altar of Ru.
  1177 | D:2      | Gained mutation: You have sharp toenails. [demonic ancestry]
  1177 | D:2      | Reached XP level 3. HP: 21/28 MP: 3/3
  2140 | D:2      | Gained mutation: You have razor-sharp toenails. [demonic ancestry]
  2140 | D:2      | Reached XP level 4. HP: 30/34 MP: 4/4
  3348 | D:3      | Reached skill level 4 in Axes
  3578 | D:3      | Gained mutation: You regenerate a little health from kills. [demonic ancestry]
  3578 | D:3      | Reached XP level 5. HP: 40/41 MP: 5/5
  3668 | D:4      | Noticed an ogre
  4000 | D:4      | Found a staircase to the Ecumenical Temple.
  4027 | Temple   | Entered the Ecumenical Temple
  4103 | Temple   | Became a worshipper of Warmaster Okawaru
  4485 | D:4      | Gained mutation: A weak demonic guardian rushes to your aid. [demonic ancestry]
  4485 | D:4      | Reached XP level 6. HP: 24/47 MP: 6/6
  4785 | D:4      | Reached * piety under Okawaru
  4785 | D:4      | Reached skill level 5 in Axes
  5346 | D:5      | Entered Level 5 of the Dungeon
  5568 | D:5      | Gained mutation: You regenerate health from kills. [demonic ancestry]
  5568 | D:5      | Reached XP level 7. HP: 37/54 MP: 7/7
  6253 | D:5      | Found a glowing golden altar of the Shining One.
  6624 | D:5      | Reached skill level 6 in Axes
  6712 | D:5      | Noticed Pikel
  6723 | D:5      | Killed Pikel
  6723 | D:5      | Reached ** piety under Okawaru
  6723 | D:5      | Reached skill level 5 in Fighting
  6723 | D:5      | Reached XP level 8. HP: 45/62 MP: 5/8
  6902 | D:6      | Reached skill level 7 in Axes
  7074 | D:6      | Noticed Sigmund
  7120 | D:6      | Reached skill level 5 in Throwing
  7137 | D:6      | Killed Sigmund
  7137 | D:6      | Reached *** piety under Okawaru
  7137 | D:6      | Reached skill level 1 in Invocations
  7476 | D:6      | Noticed Grinder
  7499 | D:6      | Killed Grinder
  7621 | D:6      | Found a burning altar of Makhleb.
  8133 | D:7      | Reached skill level 1 in Armour
  8158 | D:7      | Gained mutation: You regenerate a lot of health from kills. [demonic ancestry]
  8158 | D:7      | Reached XP level 9. HP: 69/69 MP: 11/11
  8283 | D:7      | Reached skill level 8 in Axes
  8409 | D:8      | Reached **** piety under Okawaru
  8469 | D:8      | Found Piakhigirgh's Demolitions Depot.
  8675 | D:8      | Reached skill level 5 in Invocations
  8845 | D:8      | Reached skill level 9 in Axes
  8941 | D:8      | Gained mutation: You have claws for feet. [demonic ancestry]
  8941 | D:8      | Reached XP level 10. HP: 77/77 MP: 12/14
  9038 | D:8      | Found a staircase to the Lair.
  9599 | D:9      | Reached skill level 10 in Axes
  9599 | D:9      | Gained mutation: You have a pair of small antennae on your head. [demonic ancestry]
  9599 | D:9      | Reached XP level 11. HP: 86/86 MP: 14/16
  9832 | D:9      | Received a gift from Okawaru
  9923 | D:9      | Noticed a two-headed ogre
  9930 | D:9      | Killed a two-headed ogre
  9930 | D:9      | Received a gift from Okawaru
 10664 | D:10     | Entered Level 10 of the Dungeon
 10721 | D:10     | Found a transporter.
 10721 | D:10     | Noticed a red ugly thing
 10929 | D:10     | Noticed Urug
 10957 | D:10     | Killed Urug
 10957 | D:10     | Reached ***** piety under Okawaru
 10957 | D:10     | Reached skill level 11 in Axes
 11109 | D:10     | Noticed a sphinx
 11110 | D:10     | Noticed an obsidian statue
 11111 | D:10     | Noticed a centaur warrior
 11216 | D:10     | Noticed Fannar
 11235 | D:10     | Killed Fannar
 11348 | D:10     | Found a transporter.
 11348 | D:10     | Noticed a deep elf knight
 11723 | Lair:1   | Entered Level 1 of the Lair of Beasts
 12702 | Lair:1   | Received a gift from Okawaru
 13214 | Lair:2   | Found a staircase to the Swamp.
 14107 | Lair:3   | Reached XP level 12. HP: 91/95 MP: 15/18
 14220 | Lair:3   | Noticed Nergalle
 14233 | Lair:3   | Killed Nergalle
 14343 | Lair:3   | Noticed Snorg
 14362 | Lair:3   | Killed Snorg
 14362 | Lair:3   | Reached skill level 12 in Axes
 14631 | Lair:3   | Got a crude hand crossbow
 14639 | Lair:3   | Identified the +1 hand crossbow "Cifaxe" {velocity, rC+ Str+4} (You found it on level 3 of the Lair of Beasts)
 16089 | Lair:4   | Learned a level 2 spell: Blink
 16112 | Lair:4   | Reached skill level 1 in Crossbows
 16269 | Lair:4   | Received a gift from Okawaru
 16273 | Lair:4   | Got a polished hat {god gift}
 16300 | Lair:4   | Identified the +1 hat of Enimycin {Str+5} (Okawaru gifted it to you on level 4 of the Lair of Beasts)
 16630 | Lair:4   | Reached skill level 10 in Fighting
 16818 | Lair:4   | Found a hole to the Spider Nest.
 16984 | Lair:4   | Noticed Nessos
 17392 | Lair:4   | Killed Nessos
 17983 | Lair:5   | Reached skill level 13 in Axes
 18072 | Lair:5   | Gained mutation: You have a pair of antennae on your head. [demonic ancestry]
 18072 | Lair:5   | Reached XP level 13. HP: 103/103 MP: 19/19
 18231 | Lair:5   | Noticed graki42's ghost (journeyman DEFE)
 18242 | Lair:5   | Killed graki42's ghost
 18595 | Lair:5   | Reached skill level 10 in Armour
 18726 | Lair:5   | Found a staircase to the Slime Pits.
 19504 | Lair:6   | Entered Level 6 of the Lair of Beasts
 19601 | Lair:6   | Received a gift from Okawaru
 19757 | Lair:6   | Reached skill level 1 in Translocations
 20077 | Lair:6   | Received a gift from Okawaru
 21027 | Lair:6   | Reached skill level 5 in Crossbows
 21393 | Lair:6   | Reached skill level 14 in Axes
 21946 | D:11     | Gained mutation: You have a pair of large antennae on your head. (SInv) [demonic ancestry]
 21946 | D:11     | Reached XP level 14. HP: 95/113 MP: 13/20
 21991 | D:11     | Gained mutation: Scrolls take you a little longer to read. [mutagenic meat]
 21992 | D:11     | Gained mutation: You are robust. (+10% HP) [mutagenic meat]
 21993 | D:11     | Gained mutation: You tend to lose your temper in combat. [mutagenic meat]
 21994 | D:11     | Lost mutation: You are robust. (+10% HP) [potion of mutation]
 21994 | D:11     | Lost mutation: Scrolls take you a little longer to read. [potion of mutation]
 21994 | D:11     | Gained mutation: Your mind is acute. (Int +2) [potion of mutation]
 21994 | D:11     | Lost mutation: You tend to lose your temper in combat. [potion of mutation]
 22091 | D:11     | Noticed Harold
 22106 | D:11     | Killed Harold
 22106 | D:11     | Reached skill level 1 in Spellcasting
 22751 | D:12     | Received a gift from Okawaru
 23280 | D:12     | Noticed Gastronok
 23805 | D:12     | Found a staircase to the Orcish Mines.
 23808 | D:12     | Found Nefett's Armour Boutique.
 23877 | Orc:1    | Entered Level 1 of the Orcish Mines
 23899 | Orc:1    | Found a roughly hewn altar of Beogh.
 24218 | Orc:1    | Noticed an orc warlord
 24241 | Orc:1    | Killed an orc warlord
 24527 | Orc:2    | Entered Level 2 of the Orcish Mines
 24528 | Orc:2    | Found a staircase to the Elven Halls.
 24561 | Orc:2    | Received a gift from Okawaru
 24759 | Orc:2    | Paralysed by an orc sorcerer for 3 turns
 25001 | Orc:1    | HP: 5/171 [orc knight/great sword (9)]
 25001 | Orc:1    | Mangled by an orc warrior

Vault maps used:
D:1:      nzn_arrival_depleted_hourglass
D:2:      first_bread, minivault_27, nicolae_ru_path_of_blood
D:3:      minmay_wonky_spiral
D:4:      minmay_temple_entry_butterflies
D:5:      tso_altar, uniq_pikel
D:6:      lemuel_round_altar, uniq_grinder, uniq_sigmund
D:7:      grunt_livestock
D:8:      lair_entry_dummy, special_room, nicolae_blasting_shop
D:10:     gammafunk_sealed_arena, uniq_urug, uniq_fannar
D:11:     uniq_harold
D:12:     orc_david_3, minivault_16, uniq_gastronok
Temple:   grunt_wide_crystal_templ
Lair:1:   serial_bayou_shore_a, infiniplex_staircase_pool, serial_bayou_shore_b
Lair:2:   swamp_mist
Lair:3:   serial_bayou_shore_b, serial_bayou_shore_b, uniq_snorg, uniq_nergalle
Lair:4:   spider_nest_entry_webs, beast_lair_carwin_1, uniq_nessos
Lair:5:   nicolae_slime_entry_slimehenge, grunt_forest_stairs_clearing,
          serial_bayou_shore_b, grunt_megastairs_2, serial_bayou_shore_b
Lair:6:   evilmike_catoblepas_cave
Orc:1:    mines2_david
Orc:2:    grunt_orc_cross

Skill      XL: |  1  2  3  4  5  6  7  8  9 10 11 12 13 14 |
---------------+-------------------------------------------+-----
Axes           | 3 4 5 6 7 9 10 11 13 14 | 14.7
Throwing       | 2 3 4 5 |  5.3
Fighting       | 3 4 5 6 8 9 10 11 | 11.6
Invocations    | 3 5 7 8 |  8.0
Armour         | 1 4 7 8 9 10 11 | 11.0
Crossbows      | 3 5 6 |  6.4
Translocations | 3 4 |  4.0
Spellcasting   | 3 |  3.1
Dodging        | |  2.6

Action                   |  1- 3 |  4- 6 |  7- 9 | 10-12 | 13-15 || total
-------------------------+-------+-------+-------+-------+-------++-------
Melee: War axe           |   148 |   247 |   263 |       |       ||   658
       Battleaxe         |       |       |   122 |   451 |   638 ||  1211
       Kick              |       |       |       |   155 |   253 ||   408
 Fire: Hand crossbow     |       |       |       |    34 |    39 ||    73
Invok: Heroism           |       |       |     7 |    14 |    17 ||    38
       Finesse           |       |       |       |     7 |     8 ||    15
  Use: Scroll            |     1 |     4 |     3 |    17 |    12 ||    37
       Potion            |     1 |       |     5 |     5 |     7 ||    18
 Stab: Distracted        |       |       |     1 |     9 |     1 ||    11
       Invisible         |       |       |       |     2 |       ||     2
       Held in net/web   |       |       |       |     1 |       ||     1
  Eat: Chunk             |     4 |    11 |    10 |    26 |    25 ||    76
       Royal jelly       |       |       |     1 |       |       ||     1
       Fruit             |       |       |       |     3 |       ||     3
Armor: Leather armour    |    34 |       |       |       |       ||    34
       Ring mail         |    18 |       |   144 |    73 |       ||   235
       Chain mail        |    65 |   194 |   101 |       |       ||   360
       Plate armour      |       |       |       |   135 |   430 ||   565
Dodge: Dodged            |   112 |    94 |   237 |   256 |   312 ||  1011
Block: Buckler           |       |       |    12 |       |       ||    12

Table legend:
 A = Spawn XP
 B = Non-spawn XP
 C = Spawn XP percentage of total XP
 D = Spawn monster count
 E = Non-spawn monster count
 F = Spawn count percentage of total count
 G = Total turns spent on level
                    A         B        C        D         E        F      G
               +---------+---------+-------+---------+---------+-------+---------
         Total |       0 |   82250 |   0.0 |       0 |     540 |   0.0 | 25001
               +---------+---------+-------+---------+---------+-------+---------
           D:1 |       0 |      32 |   0.0 |       0 |      19 |   0.0 |  1383
           D:2 |       0 |      90 |   0.0 |       0 |      27 |   0.0 |  1129
           D:3 |       0 |     115 |   0.0 |       0 |      19 |   0.0 |  1385
           D:4 |       0 |     421 |   0.0 |       0 |      15 |   0.0 |  1363
           D:5 |       0 |     970 |   0.0 |       0 |      27 |   0.0 |  1521
           D:6 |       0 |    1005 |   0.0 |       0 |      20 |   0.0 |  1105
           D:7 |       0 |    1493 |   0.0 |       0 |      27 |   0.0 |   432
           D:8 |       0 |    1757 |   0.0 |       0 |      55 |   0.0 |  1120
           D:9 |       0 |    2070 |   0.0 |       0 |      28 |   0.0 |  1380
          D:10 |       0 |    2536 |   0.0 |       0 |       8 |   0.0 |  1044
          D:11 |       0 |    8020 |   0.0 |       0 |      45 |   0.0 |   818
          D:12 |       0 |    3301 |   0.0 |       0 |      22 |   0.0 |  1143
        Lair:1 |       0 |    2813 |   0.0 |       0 |      10 |   0.0 |  1437
        Lair:2 |       0 |    2287 |   0.0 |       0 |       9 |   0.0 |  1046
        Lair:3 |       0 |    3924 |   0.0 |       0 |      12 |   0.0 |  1499
        Lair:4 |       0 |   10950 |   0.0 |       0 |      37 |   0.0 |  2188
        Lair:5 |       0 |    6861 |   0.0 |       0 |      30 |   0.0 |  1553
        Lair:6 |       0 |   20076 |   0.0 |       0 |      45 |   0.0 |  2245
         Orc:1 |       0 |    8609 |   0.0 |       0 |      57 |   0.0 |   879
         Orc:2 |       0 |    4920 |   0.0 |       0 |      28 |   0.0 |   245
               +---------+---------+-------+---------+---------+-------+---------
